 Dungeon Crawl Stone Soup version 0.27.1-33-g824d729ab1 (webtiles) character file.

Game seed: 16243215777819231966

615 Gildeon the Cleaver (level 7, -1/60 HPs)
             Began as a Minotaur Fighter on Dec 25, 2021.
             Was a Believer of Makhleb.
             Slain by Edmund (5 damage)
             ... on level 4 of the Dungeon.
             The game lasted 00:10:17 (3924 turns).

Gildeon the Cleaver (Minotaur Fighter)              Turns: 3924, Time: 00:10:18

Health: -1/60      AC: 12    Str: 23    XL:     7   Next: 21%
Magic:  6/6        EV: 18    Int:  5    God:    Makhleb [**....]
Gold:   153        SH:  0    Dex:  9    Spells: 6/6 levels left

rFire    . . .     SeeInvis .   (weapon currently unavailable)
rCold    + . .     Faith    .   (shield currently unavailable)
rNeg     + + +     Spirit   .   (armour currently unavailable)
rPois    +         Reflect  .   (helmet currently unavailable)
rElec    .         Harm     .   (cloak currently unavailable)
rCorr    .         Rampage  .   (gloves currently unavailable)
Will     .....                  (boots currently unavailable)
Stlth    +.........             (no amulet)
HPRegen  0.20/turn              i - ring of wizardry
MPRegen  0.10/turn              o - ring of protection from cold

@: about to teleport, fungus-form (expiring)
A: melee confuse, terrified, no casting, tiny, (horns 2), (retaliatory headbutt)
a: Renounce Religion, Minor Destruction


You were on level 4 of the Dungeon.
You worshipped Makhleb.
Makhleb was pleased with you.
You were a sentient fungus.
You visited 1 branch of the dungeon, and saw 4 of its levels.

You collected 153 gold pieces.

Inventory:

Hand Weapons
 a - a +0 war axe (melded)
 s - a +1 trident of holy wrath
Armour
 b - a +0 scale mail
 c - a +0 kite shield (melded)
 m - a +2 ring mail of fire resistance (melded)
Magical Staves
 u - a staff of cold
Jewellery
 i - a ring of wizardry (left hypha)
 o - a ring of protection from cold (right hypha)
Wands
 r - a wand of digging (4)
Scrolls
 d - 2 scrolls of enchant armour {unknown}
 f - 2 scrolls of teleportation
 g - 2 scrolls of identify {unknown}
 h - a scroll of holy word {unknown}
 l - a scroll of blinking {unknown}
 n - 2 scrolls of amnesia {unknown}
 p - a scroll of immolation {unknown}
Potions
 e - 2 potions of lignification {unknown}
 j - 4 potions of curing {unknown}
 k - a potion of flight {unknown}
 q - a potion of resistance {unknown}
 t - a potion of attraction {unknown}


   Skills:
 + Level 4.4 Fighting
 * Level 8.2 Axes
 + Level 4.4 Armour
 + Level 1.9 Dodging
 + Level 4.3 Shields


You had 6 spell levels left.
You didn't know any spells.
Your spell library contained the following spells:

 Spells                   Type           Power      Damage    Failure   Level
 Animate Skeleton         Necr           0%         N/A       21%         1
 Pain                     Necr           0%         1d4       21%         1
 Sandblast                Erth           0%         2d4       21%         1
 Passwall                 Tmut/Erth      0%         N/A       32%         2
 Gell's Gravitas          Tloc           0%         N/A       52%         3
 Teleport Other           Tloc           0%         N/A       52%         3
 Vampiric Draining        Necr           0%         2d6       52%         3
 Lee's Rapid Deconstruct  Erth           0%         3d5*      99%         5
 Dispersal                Tloc           0%         N/A       100%        6


Dungeon Overview and Level Annotations

Branches:
Dungeon (4/15)
 Temple: D:4-7

Altars:
Makhleb

Annotations:
D:4 Edmund


Innate Abilities, Weirdness & Mutations

You are a sentient fungus.
You are tiny and evasive.
Your melee attack releases spores that confuse breathing creatures.
You become terrified and freeze when enemies are visible.
Your armour is entirely melded.
You are incapable of wielding weapons or throwing items.
You cannot cast spells.
((You have a pair of horns on your head.))
((You reflexively headbutt those who attack you in melee.))


Message History

Edmund hits you with a +4 flail of holy wrath.
Press: ? - help, Shift-Dir - straight line, f - Edmund
Aim: Edmund, wielding a +4 flail of holy wrath and wearing a +0 leather armour (chance to confuse on hit: 66%)
The stone arrow misses Edmund.
The wyvern skeleton completely misses you.
Edmund hits you but does no damage.
The wyvern skeleton completely misses you.
Press: ? - help, Shift-Dir - straight line, f/p - Edmund
Aim: Edmund, wielding a +4 flail of holy wrath and wearing a +0 leather armour (chance to confuse on hit: 66%)
The zap hits Edmund but does no damage.
Edmund hits you with a +4 flail of holy wrath.
The wyvern skeleton completely misses you.
Press: ? - help, Shift-Dir - straight line, f/p - Edmund
Aim: Edmund, wielding a +4 flail of holy wrath and wearing a +0 leather armour (chance to confuse on hit: 66%)
Okay, then.
Press: ? - help, Shift-Dir - straight line, f/p - Edmund
Aim: Edmund, wielding a +4 flail of holy wrath and wearing a +0 leather armour (chance to confuse on hit: 66%)
The puff of flame misses Edmund.
Your transformation is almost over.
The wyvern skeleton barely misses you.
Edmund hits you with a +4 flail of holy wrath.
Unknown command.
Press: ? - help, v - describe, . - travel, g - get item Item here: a +0 dagger.
The floor.
The wyvern skeleton bites you but does no damage.
Edmund closely misses you. The wyvern skeleton closely misses you.
Unknown command.
Edmund closely misses you. The wyvern skeleton bites you!
* * * LOW HITPOINT WARNING * * *
You're too terrified to move while being watched!
You're too terrified to move while being watched!
You're too terrified to move while being watched!
The wyvern skeleton barely misses you. Edmund closely misses you.
As you read the scroll labelled GOPRAGHYLACS, it crumbles to dust.
You feel strangely unstable.
It was a scroll of teleportation.
The wyvern skeleton bites you!
* * * LOW HITPOINT WARNING * * *
Edmund hits you with a +4 flail of holy wrath.
You die...

........#####.##...
..............###..###..
..................## #..
..................## ##.
...............#...## #.
....................###.
........................
......@..........###.###
......Zf.........###.#
.#...............##.##
##...............#.#
##............)...#
#..##............# #
...# ##..##......#####
###. ##.....##....... ##
###....##..##..#
#......##.####..


You could see Edmund and a wyvern skeleton.

Vanquished Creatures
  Sigmund (D:3)
  A black bear (D:2)
  A necrophage (D:4)
  A hound (D:4)
  A bullfrog skeleton (D:4)
  Terence (D:2)
  Robin (D:4)
  7 gnolls
  2 adders
  2 adder skeletons (D:4)
  2 worms
  3 dart slugs
  An orc (D:3)
  7 ball pythons
  7 bats
  5 endoplasms
  4 giant cockroaches
  16 goblins
  12 hobgoblins
  4 quokkas
  6 frilled lizards
  7 kobolds
  8 rats
100 creatures vanquished.

Notes
Turn   | Place    | Note
-------+----------+-------------------------------------------
     0 | D:1      | Gildeon the Minotaur Fighter began the quest for the Orb.
     0 | D:1      | Reached XP level 1. HP: 19/19 MP: 0/0
    99 | D:1      | Reached skill level 3 in Axes
   218 | D:1      | Reached XP level 2. HP: 26/26 MP: 1/1
   458 | D:1      | Reached skill level 4 in Axes
   819 | D:1      | Reached XP level 3. HP: 31/31 MP: 2/2
   921 | D:1      | Found a faded altar of an unknown god.
   924 | D:1      | Became a worshipper of Makhleb the Destroyer
   924 | D:1      | Reached * piety under Makhleb
  1450 | D:2      | Noticed Terence
  1459 | D:2      | Killed Terence
  1460 | D:2      | Reached skill level 5 in Axes
  1460 | D:2      | Reached XP level 4. HP: 21/39 MP: 3/3
  2072 | D:2      | Reached skill level 6 in Axes
  2418 | D:3      | Reached XP level 5. HP: 45/45 MP: 4/4
  2423 | D:3      | Noticed a black bear
  2435 | D:2      | Killed a black bear
  2436 | D:2      | Reached skill level 7 in Axes
  2595 | D:3      | Reached ** piety under Makhleb
  2690 | D:3      | Noticed Sigmund
  2697 | D:3      | Killed Sigmund
  2698 | D:3      | Reached skill level 1 in Dodging
  2698 | D:3      | Reached XP level 6. HP: 40/52 MP: 5/5
  3090 | D:4      | Noticed Robin
  3105 | D:4      | Killed Robin
  3311 | D:4      | Reached skill level 8 in Axes
  3526 | D:4      | Reached XP level 7. HP: 59/59 MP: 6/6
  3901 | D:4      | Noticed Edmund
  3924 | D:4      | Slain by Edmund

Illustrated notes

Levels and vault maps discovered:
D:1:      lemuel_arrival_funnel, layout_rooms,
          shapermc_ecumenical_altar_mp_vishouse, minmay_tripent
D:2:      layout_loops_ring, uniq_terence
D:3:      layout_basic, uniq_sigmund
D:4:      layout_layer_cave, old_standard_altar, uniq_edmund, uniq_robin

Skill      XL: |  1  2  3  4  5  6 |
---------------+-------------------+-----
Axes           | 3 4 5 6 7 8 |  8.2
Armour         | 4 |  4.4
Dodging        | 1 |  1.9
Shields        | 4 |  4.3
Fighting       | 4 |  4.4

Action                   |  1- 3 |  4- 6 |  7- 9 || total
-------------------------+-------+-------+-------++-------
Melee: War axe           |    95 |   121 |    19 ||   235
       Headbutt          |     8 |    20 |     4 ||    32
Invok: Minor Destruction |       |       |     3 ||     3
  Use: Potion            |       |     2 |       ||     2
       Scroll            |       |       |     1 ||     1
Armor: Scale mail        |    54 |     5 |       ||    59
       Ring mail         |       |    69 |    13 ||    82
       Skin              |       |       |     6 ||     6
Dodge: Dodged            |    30 |    52 |    22 ||   104
Block: Kite shield       |    56 |    87 |    16 ||   159
